 Dungeon Crawl Stone Soup version 0.27.0-1-g7a089689b8 (webtiles) character file.

Game seed: 3023954636130320062

23 Strat the Covered (level 2, -18/19 HPs)
             Began as a Gargoyle Fighter on Aug 12, 2021.
             Demolished by an ogre (21 damage)
             ... on level 3 of the Dungeon.
             The game lasted 00:01:29 (714 turns).

Strat the Covered (Gargoyle Fighter)                 Turns: 714, Time: 00:01:29

Health: -18/19     AC:  9    Str: 19    XL:     2   Next: 95%
Magic:  2/2        EV:  7    Int:  8    God:
Gold:   22         SH:  9    Dex:  9    Spells: 1/1 levels left

rFire    . . .     SeeInvis .   a - +0 war axe
rCold    . . .     Faith    .   c - +0 kite shield
rNeg     + . .     Spirit   .   b - +0 scale mail
rPois    ∞         Reflect  .   (no helmet)
rElec    +         Harm     .   (no cloak)
rCorr    .         Rampage  .   (no gloves)
Will     .....                  (no boots)
Stlth    ..........             (no amulet)
HPRegen  0.06/turn              (no ring)
MPRegen  0.08/turn              (no ring)

@: no status effects
A: sickness immunity, AC +2, negative energy resistance 1, electricity
resistance, torment resistance 1, petrification resistance
a: no special abilities


You were on level 3 of the Dungeon.
You visited 1 branch of the dungeon, and saw 3 of its levels.

You collected 22 gold pieces.

Inventory:

Hand Weapons
 a - a +0 war axe (weapon)
 f - a +0 morningstar
Missiles
 g - 41 stones (quivered)
Armour
 b - a +0 scale mail (worn)
 c - a +0 kite shield (worn)
Scrolls
 e - 2 scrolls of magic mapping {unknown}
 i - a scroll of noise {unknown}
Potions
 d - a potion of might
 h - 2 potions of curing {unknown}


   Skills:
 + Level 3.5 Fighting
 * Level 2.3 Axes
 + Level 3.5 Armour
 + Level 3.5 Shields


You had one spell level left.
You didn't know any spells.
Your spell library was empty.

Dungeon Overview and Level Annotations

Branches:
Dungeon (3/15)

Altars:


Innate Abilities, Weirdness & Mutations

You are immune to sickness and miasma.
Your stone body is resilient. (AC +2)
You are immune to poison.
You resist negative energy. (rN+)
You are resistant to electric shocks. (rElec)
You are resistant to unholy torment.
You are immune to petrification.


Message History

Found a stone staircase leading down.
i - a scroll labelled POREPAQE NASIOC
Found an escape hatch in the floor.
A jackal comes into view.
The jackal barks!
A jackal comes into view.
You barely miss the jackal.
The jackal bites you but does no damage. x2
The jackal barely misses you.
You closely miss the jackal. You block the jackal's attack.
The jackal closely misses you.
You slash the jackal!
You kill the jackal!
You block the jackal's attack.
You closely miss the jackal. The jackal barely misses you.
The jackal bites you.
You hit the jackal.
The jackal is lightly wounded.
The jackal completely misses you. The jackal barely misses you.
You block the jackal's attack.
You slash the jackal!
You kill the jackal!
No target in view!
An ogre comes into view. It is wielding a +0 giant club.
The ogre shouts!
You block the ogre's attack.
You barely miss the ogre. The ogre barely misses you.
You slash the ogre!
The ogre is moderately wounded.
You block the ogre's attack.
You slash the ogre!
The ogre is severely wounded.
The ogre hits you with a +0 giant club!
Ouch! That really hurt!
* * * LOW HITPOINT WARNING * * *
You slash the ogre!
The ogre is almost dead.
The ogre hits you with a +0 giant club!!
Ouch! That really hurt!
You die...

#.........#
###........
#..........
#...###....
#...# ....
#...# ...
#...# ..
#...# #..@#
#..O....#
###.....#
#.....#
#.....#
#.....#
#.....#
#######


You could see an ogre.

Vanquished Creatures
  An orc (D:3)
  2 endoplasms
  A giant cockroach (D:2)
  2 goblins (D:3)
  2 hobgoblins (D:3)
  5 jackals
  A ball python (D:2)
  2 bats (D:2)
  A frilled lizard (D:2)
  2 rats (D:2)
19 creatures vanquished.

Notes
Turn   | Place    | Note
-------+----------+-------------------------------------------
     0 | D:1      | Strat the Gargoyle Fighter began the quest for the Orb.
     0 | D:1      | Reached XP level 1. HP: 14/14 MP: 1/1
   109 | D:2      | Reached XP level 2. HP: 19/19 MP: 2/2
   708 | D:3      | Noticed an ogre
   714 | D:3      | Demolished by an ogre

Illustrated notes

Levels and vault maps discovered:
D:1:      saegor_arrival_miasma, layout_loops_ring
D:2:      layout_loops_ring, minmay_tromino_v4_b
D:3:      layout_basic, tgw_sif, hellmonk_ecumenical_altar_defaced_shrine,
          uniq_jessica

Skill      XL: |  1 |
---------------+----+-----
Axes           | 2 |  2.3
Fighting       | |  3.5
Armour         | |  3.5
Shields        | |  3.5

Action                   || total
-------------------------++-------
Melee: War axe           ||    55
Armor: Scale mail        ||    35
Dodge: Dodged            ||    26
Block: Kite shield       ||    34
